AoeStats
← Nencatacoa

Nomad

509258668Analyzed
3v3 RM · 7d ago on Sep 26, 2026· 24m 21s· 6 players
Game mode
Random Map
Map size
210×210
Population
200
Speed
Normal
Resources
Standard
Victory
Conquest
Starting age
Dark Age
Ending age
Imperial Age
RankedLock teamsTeams togetherTeam positionsShared explorationLock speedFull tech treeHidden civsTurbo modeCheats
Victory
Defeat
🇲🇽 Varangians · Mexico
1668
+11
🇲🇽 Malians · Mexico
1564
+15
🇨🇴 Poles · Colombia
1472
+17
🇺🇸 Burgundians · United States
1572
-16
🇺🇸 Persians · United States
1554
-15
🇺🇸 Bengalis · United States
1478
-12
Kyrisser
3:37 Loom
12:21 Feudal Age
12:57 Double-Bit Axe
13:51 Town Watch
17:51 Forging
20:57 Castle Age
21:46 Medium Warships
22:46 Demolition Ship
23:51 Clinker Construction
24:25 Careening
24:23 Siphons
RyskiNinja
4:44 Loom
10:06 Double-Bit Axe
13:32 Feudal Age
11:48 Fishing Lines
14:37 Town Watch
17:40 Castle Age
16:16 Bow Saw
16:18 Gillnets
17:22 Stone Mining
17:20 Horse Collar
19:31 Two-Man Saw
20:46 Wheelbarrow
21:37 Scale Mail Armor
21:52 Forging
22:45 Fervor
23:44 Stone Shaft Mining
23:27 Hand Cart
24:13 Sanctity
23:59 Gold Mining
benji
12:23 Feudal Age
10:57 Loom
15:39 Double-Bit Axe
17:53 Fletching
18:59 Town Watch
18:56 Horse Collar
19:55 Fishing Lines
22:47 Castle Age
23:43 Bodkin Arrow
24:03 Medium Warships
23:44 Gillnets
Ux'Combita
5:03 Loom
12:41 Feudal Age
16:23 Castle Age
16:37 Double-Bit Axe
16:34 Horse Collar
22:18 Bow Saw
Nencatacoa
4:41 Loom
12:35 Feudal Age
17:15 Castle Age
16:14 Double-Bit Axe
16:19 Horse Collar
19:09 Bow Saw
19:07 Heavy Plow
UxCima
10:28 Loom
12:58 Feudal Age
14:01 Double-Bit Axe
16:13 Fletching
19:22 Castle Age
17:25 Gold Mining
17:27 Fishing Lines
20:22 Medium Warships
21:32 Bow Saw
22:47 Gillnets
24:39 Forging
Connection lost

Rejoining the realm…

Still unreachable

The connection could not be restored.

Session expired

The server has moved on; the page needs a fresh start.